 Dungeon Crawl Stone Soup version 0.20.0-6-gd3061e9 (webtiles) character file.

112 ghjk the Shield-Bearer (level 4, 0/40 HPs)
             Began as a Minotaur Fighter on May 28, 2017.
             Slain by Sigmund
             ... wielding a +0 scythe
              (5 damage)
             ... on level 2 of the Dungeon.
             The game lasted 00:01:22 (1169 turns).

ghjk the Shield-Bearer (Minotaur Fighter)           Turns: 1169, Time: 00:01:23

Health: 0/40       AC:  8    Str: 21    XL:     4   Next: 64%
Magic:  3/3        EV:  8    Int:  5    God:
Gold:   64         SH: 10    Dex: 13    Spells: 3/3 levels left

rFire    . . .     SeeInvis .   a - +0 war axe
rCold    . . .     Gourm    .   c - +0 shield
rNeg     . . .     Faith    .   b - +0 scale mail
rPois    .         Spirit   .   (helmet restricted)
rElec    .         Reflect  .   p - +0 cloak
rCorr    .         Harm     .   (no gloves)
MR       .....                  (no boots)
Stlth    ..........             (no amulet)
Regen    0.2/turn               i - +3 ring of dexterity
MPRegen  0.1/turn               (no ring)

@: no status effects
A: retaliatory headbutt, horns 2
a: no special abilities


You were on level 2 of the Dungeon.
You were very hungry.

You visited 1 branch of the dungeon, and saw 2 of its levels.

You collected 64 gold pieces.

Inventory:

Hand Weapons
 a - a +0 war axe (weapon)
Armour
 b - a +0 scale mail (worn)
 c - a +0 shield (worn)
 p - a +0 cloak (worn)
Jewellery
 i - a +3 ring of dexterity (left hand)
Scrolls
 e - 2 scrolls of remove curse {unknown}
 m - a scroll of amnesia {unknown}
 o - a scroll of teleportation
 q - a scroll of random uselessness {unknown}
Potions
 d - a potion of might
 h - a potion of agility {unknown}
 j - a potion of lignification {unknown}
 k - 2 potions of brilliance {unknown}
 n - a potion of flight {unknown}
Comestibles
 f - 2 bread rations
 g - a royal jelly
 l - 2 meat rations


   Skills:
 + Level 4.3 Fighting
 * Level 3.9 Axes
 + Level 4.2 Armour
 + Level 0.7 Dodging
 + Level 4.6 Shields


You had 3 spell levels left.
You didn't know any spells.

Dungeon Overview and Level Annotations

Branches:
Dungeon (2/15)

Altars:

Annotations:
D:2 Sigmund


Innate Abilities, Weirdness & Mutations

You reflexively headbutt those who attack you in melee.
You have a pair of horns on your head.


Message History

Unknown command.
Unknown command.
No target in view!
Unknown command.
No target in view!
Unknown command.
No target in view!
Unknown command.
You slash something! Your headbutt misses something. Something hits you!
You closely miss something. Something hits you.
You hit something. Something hits you.
You closely miss something. Something hits you.
You miss something. Something hits you!
* * * LOW HITPOINT WARNING * * *
You are feeling very hungry.
You miss something. Something hits you.
* * * LOW HITPOINT WARNING * * *
Your shield and scale mail prevent you from hitting something.
Your headbutt misses something. Something hits you.
You die...

.....# ###.......###.
####.## #######.....
......# #.####
......# ######.#
......# .
########......#
......# ...
.......'...<..#
......#
....##########......#
......#
#....{.............#
......#
...#...@..###########
......#
...'...†.......
......#
...#......#####
####+## .. #......# #
. #......# # #......#
#......# #......#


There were no monsters in sight!

Vanquished Creatures
  Natasha (twice) (D:2)
  3 adders (D:2)
  7 bats
  2 giant cockroaches (D:2)
  10 goblins
  4 hobgoblins
  2 quokkas (D:2)
  A ball python (D:1)
  A frilled lizard (D:1)
  2 kobolds
34 creatures vanquished.

Notes
Turn   | Place    | Note
-------+----------+-------------------------------------------
     0 | D:1      | ghjk the Minotaur Fighter began the quest for the Orb.
     0 | D:1      | Reached XP level 1. HP: 19/19 MP: 0/0
   230 | D:1      | Reached XP level 2. HP: 25/27 MP: 1/1
   696 | D:2      | Reached XP level 3. HP: 32/33 MP: 2/2
   737 | D:2      | Noticed Natasha
   746 | D:2      | Killed Natasha
   788 | D:2      | Reached XP level 4. HP: 27/40 MP: 3/3
   870 | D:2      | Noticed Natasha
   876 | D:2      | Killed Natasha
  1155 | D:2      | Noticed Sigmund
  1169 | D:2      | Slain by Sigmund

Skill      XL: |  1  2  3 |
---------------+----------+-----
Fighting       | 4 |  4.3
Shields        | 4 |  4.6
Axes           | 3 |  3.9
Armour         | 4 |  4.2
Dodging        | |  0.7

Action                   |  1- 3 |  4- 6 || total
-------------------------+-------+-------++-------
Melee: War axe           |    65 |    38 ||   103
       Headbutt          |    12 |     6 ||    18
  Use: Scroll            |     1 |       ||     1
Armor: Scale mail        |    29 |    10 ||    39
Dodge: Dodged            |    23 |    14 ||    37
Block: Shield            |    36 |    20 ||    56
